[Event "*** Titled Tuesday Blitz"]
[Site "Chess.com"]
[Date "2020.04.14"]
[Round "6"]
[White "floplover"]
[Black "DucksParadise"]
[Result "1-0"]
[WhiteElo "2283"]
[BlackElo "2100"]
[TimeControl "180+1"]
[EndTime "11:02:18 PDT"]
[Termination "floplover won by resignation"]

1. d4 Nf6 2. c4 g6 3. Nc3 d5 4. cxd5 Nxd5 5. e4 Nxc3 6. bxc3 Bg7 7. Qa4+ Nd7 8. Nf3 O-O 9. Be2 e5 10. Ba3 Re8 11. d5 f5 12. exf5 gxf5 13. O-O Nb6 14. Qb5 a6 15. Qb3 Qxd5 16. c4 Qc6 17. c5+ Nd5 18. Bc4 Be6 19. Ng5 Rad8 20. Rad1 Nf4 21.
Rxd8 Bxc4 1-0

[Event "*** Titled Tuesday Blitz"]
[Site "Chess.com"]
[Date "2020.04.14"]
[Round "6"]
[White "GM4life"]
[Black "atalz0"]
[Result "0-1"]
[WhiteElo "2183"]
[BlackElo "2399"]
[TimeControl "180+1"]
[EndTime "11:02:19 PDT"]
[Termination "atalz0 won by resignation"]

1. e4 d5 2. exd5 Nf6 3. d4 Nxd5 4. c4 Nb6 5. Nf3 Bg4 6. Be3 e5 7. d5 Bb4+ 8. Nc3 O-O 9. h3 Bxf3 10. Qxf3 Na4 11.
Bc1 e4 12. Qg3 Qf6 13. Rb1 Nxc3 14. bxc3 Bxc3+ 15. Bd2 Bxd2+ 16. Kxd2 Qd4+ 17. Ke1 Na6 18. Rxb7 Nc5 19. Rb5 Qa1+ 20. Kd2 Qxa2+ 21. Ke3 Rab8 22. Qxc7 Rxb5 23. cxb5 Qxd5 24. Be2 Qb3+ 25. Kd2 Qb2+ 26. Ke1 Qc1+ 27. Bd1 Nd3+ 28. Ke2 Qxc7 0-1

[Event "*** Titled Tuesday Blitz"]
[Site "Chess.com"]
[Date "2020.04.14"]
[Round "6"]
[White "NormWeinstein"]
[Black "bait_or_mate"]
[Result "0-1"]
[WhiteElo "2353"]
[BlackElo "2571"]
[TimeControl "180+1"]
[EndTime "11:02:20 PDT"]
[Termination "bait_or_mate won by resignation"]

1. e4 c5 2. Nf3 e6 3. Nc3 Nc6 4. g3 Nf6 5. Bg2 d5 6. exd5 exd5 7. d4 cxd4 8. Nxd4 Be7 9. O-O O-O 10. Be3 Bg4 11. Qd2 Ne5 12. b3 Rc8 13. Nce2 Ne4 14. Qe1 Re8 15. h3 Bh5 16. g4 Bg6 17. f4 Bh4 18.
Qb4 a5 19. Qxb7 Nc5 20. Qa7 Re7 21. Qxe7 Bxe7 22. fxe5 Ne4 23. Kh2 Bg5 24. Bg1 Qe7 25. Nf3 Rxc2 26. Ned4 Bf4+ 27. Kh1 Ng3+ 0-1

[Event "*** Titled Tuesday Blitz"]
[Site "Chess.com"]
[Date "2020.04.14"]
[Round "6"]
[White "Sjakkerntobi"]
[Black "gixfantastix"]
[Result "1-0"]
[WhiteElo "2242"]
[BlackElo "2075"]
[TimeControl "180+1"]
[EndTime "11:02:21 PDT"]
[Termination "Sjakkerntobi won on time"]

1. e4 Nf6 2. e5 Nd5 3. Nc3 e6 4. Nf3 d6 5. exd6 Bxd6 6. Nxd5 exd5 7. d4 Bg4 8. Be2 Nd7 9. h3 Bh5 10. c3 Qe7 11. Be3 O-O-O 12. Qd2 Kb8 13. O-O-O Nb6 14.
g4 Bg6 15. h4 f6 16. h5 Be4 17.
Rde1 Qd7 18. Rhg1 Qa4 19. b3 Ba3+ 20. Kd1 Qa5 21. Nh4 Nc4 22. bxc4 dxc4 23. Bxc4 c5 24. Bd3 Bc6 25. Nf5 g6 26. Ne7 Bf3+ 27. Kc2 cxd4 28.
Bxd4 Qa4+ 29. Kb1 Bxe7 30. Rxe7 Rd6 31. Qf4 Rd8 32. Re8 1-0

[Event "*** Titled Tuesday Blitz"]
[Site "Chess.com"]
[Date "2020.04.14"]
[Round "6"]
[White "krasavetc"]
[Black "PowerThinking2650"]
[Result "1-0"]
[WhiteElo "2501"]
[BlackElo "2209"]
[TimeControl "180+1"]
[EndTime "11:02:22 PDT"]
[Termination "krasavetc won by resignation"]

1. e4 e5 2. Nf3 Nc6 3. Bb5 a6 4. Bxc6 dxc6 5. d4 exd4 6. Qxd4 Qxd4 7. Nxd4 Bd7 8. Nc3 O-O-O 9. Be3 c5 10. Nde2 g6 11. f3 b6 12. Kf2 Ne7 13. Rad1 Bg7 14. b3 f5 15. Bg5 Rde8 16. Bxe7 Rxe7 17. Nd5 Ree8 18. exf5 Bxf5 19. Ne3 Bd7 20. c4 Bh6 21. Nd5 Bc6 22. Nec3 Bg7 23. Rhe1 Bd4+ 24. Kf1 Kb7 25.
Rxe8 Rxe8 26. Re1 Rxe1+ 27. Kxe1 b5 28. Kd2 b4 29. Ne4 a5 30. Nf4 Kb6 31. Kd3 a4 32.
h4 a3 33. Ne6 Bg1 34. Nf8 Ba4 35. bxa4 b3 36. Nc3 bxa2 37. Nxa2 Ka5 38. Nxh7 Kxa4 39.
Kc2 1-0

[Event "*** Titled Tuesday Blitz"]
[Site "Chess.com"]
[Date "2020.04.14"]
[Round "6"]
[White "GameOverBro"]
[Black "goofypenguin96"]
[Result "1-0"]
[WhiteElo "2553"]
[BlackElo "2101"]
[TimeControl "180+1"]
[EndTime "11:02:22 PDT"]
[Termination "GameOverBro won on time"]

1. e4 c6 2. Nc3 d5 3. Nf3 dxe4 4. Nxe4 Nf6 5. Qe2 Nxe4 6. Qxe4 Qd5 7. Qh4 Bf5 8. Bc4 Qe4+ 9. Qxe4 Bxe4 10. Bxf7+ Kxf7 11.
Ng5+ Ke8 12. Nxe4 g6 13. d4 Bg7 14. Be3 Nd7 15. O-O-O Nf6 16. Nxf6+ exf6 17. c4 Rd8 18. Kc2 Kf7 19. g3 a6 20. h4 h5 21. Rd3 Rd7 22.
Rhd1 Rhd8 23. a4 Bf8 24. Kb3 Bg7 25. d5 cxd5 26. Rxd5 Rxd5 27. cxd5 f5 28. Bb6 Rd6 29. a5 Rd7 30. Rd2 Bf6 31. Kc4 Be7 32. b4 Bd6 33.
Bc5 Bc7 34. d6 Bd8 35. Kd5 Bf6 36. Re2 Bd8 37. Bd4 Kf8 38. Be5 Kf7 39. Rc2 Bf6 40. Rc7 Bxe5 41. Kxe5 Ke8 42. Ke6 1-0

[Event "*** Titled Tuesday Blitz"]
[Site "Chess.com"]
[Date "2020.04.14"]
[Round "6"]
[White "W_Amadeus"]
[Black "Kavyev_Ruslan"]
[Result "0-1"]
[WhiteElo "2695"]
[BlackElo "2554"]
[TimeControl "180+1"]
[EndTime "11:02:26 PDT"]
[Termination "Kavyev_Ruslan won by resignation"]

1. e4 c5 2. Nf3 d6 3. d4 cxd4 4.
Nxd4 Nf6 5. Nc3 a6 6. Be3 e5 7.
Nb3 Be6 8. f3 h5 9. Nd5 Bxd5 10.
exd5 Nbd7 11. Qd2 g6 12. O-O-O Bg7 13. Kb1 a5 14. a4 O-O 15. Bb5 Qc7 16. Rc1 Rfc8 17. h3 e4 18. f4 b6 19. g3 Nc5 20.
Nxc5 bxc5 21. c4 Rab8 22. Rcg1 Qe7 23. g4 Rc7 24. f5 Qe5 25. Bf4 Qe7 26. g5 Nh7 27. f6 Nxf6 28. gxf6 Qxf6 29. Rf1 Qe7 30. Be3 f5 31. Rhg1 Kh7 32. Qxa5 Ra7 33. Qd2 Rxa4 34.
Bxa4 Rxb2+ 35. Qxb2 Bxb2 36. Kxb2 Qe5+ 37. Kb1 Qc3 38. Rg3 Qb4+ 39. Kc1 Qxc4+ 40. Kb2 Qxf1 0-1

[Event "*** Titled Tuesday Blitz"]
[Site "Chess.com"]
[Date "2020.04.14"]
[Round "6"]
[White "1stSecond"]
[Black "ChessWarrior7197"]
[Result "0-1"]
[WhiteElo "2706"]
[BlackElo "2909"]
[TimeControl "180+1"]
[EndTime "11:02:27 PDT"]
[Termination "ChessWarrior7197 won by resignation"]

1. Nf3 d5 2. g3 Nf6 3. Bg2 c6 4.
O-O Bg4 5. d3 Nbd7 6. Nbd2 e5 7.
h3 Bh5 8. e4 Bd6 9. Qe2 O-O 10.
Rd1 Re8 11. Nf1 Nc5 12. N1d2 a5 13. a4 Qc7 14. Qe3 Rad8 15. b3 Ne6 16. Bb2 Bc5 17. Qe1 Nd4 18. Rac1 Qb6 19. g4 Bg6 20. Nh4 Qc7 21. Nf5 h5 22. g5 Nd7 23. Nh4 Qd6 24. c3 Ne6 25. Ndf3 Nf4 26. Bf1 Bb6 27. Qd2 Nc5 28. Qc2 Qe6 29. b4 dxe4 30. bxc5 exd3 31. Qd2 Bxc5 32. Re1 Nxh3+ 33. Kh2 Nxf2 34. Rxe5 Ng4+ 35.
Kh1 Nxe5 36. Re1 Nxf3 37. Nxf3 Qg4 38. Re7 Rxe7 0-1

[Event "*** Titled Tuesday Blitz"]
[Site "Chess.com"]
[Date "2020.04.14"]
[Round "6"]
[White "SavelijTartakover"]
[Black "vugarrasulov"]
[Result "0-1"]
[WhiteElo "2587"]
[BlackElo "2748"]
[TimeControl "180+1"]
[EndTime "11:02:27 PDT"]
[Termination "vugarrasulov won by resignation"]

1. d4 Nf6 2. c4 e6 3. Nf3 b6 4. a3 Bb7 5. Nc3 d5 6. Bg5 Be7 7. e3 O-O 8. Qc2 h6 9. Bxf6 Bxf6 10. cxd5 exd5 11. Be2 Nd7 12. O-O c6 13. Rac1 Re8 14.
Rfd1 Qe7 15. Ne1 g6 16. Nd3 Bg7 17. Bf3 Nf6 18. Ne5 Nd7 19. Nxd7 Qxd7 20. b4 a6 21. Qb3 Bf8 22. a4 b5 23. a5 Qe6 24. Ne2 Bd6 25. Nf4 Qe7 26. Nd3 h5 27. g3 h4 28.
Re1 Kg7 29. e4 hxg3 30. hxg3 dxe4 31. Bxe4 Qf6 32. Nc5 Bxc5 33. dxc5 Rad8 34. Qf3 Rd4 35. Rb1 Rdxe4 0-1

[Event "*** Titled Tuesday Blitz"]
[Site "Chess.com"]
[Date "2020.04.14"]
[Round "6"]
[White "davidkalashian"]
[Black "indfraeng"]
[Result "1-0"]
[WhiteElo "2512"]
[BlackElo "2254"]
[TimeControl "180+1"]
[EndTime "11:02:30 PDT"]
[Termination "davidkalashian won on time"]

1. d4 d5 2. Nf3 Nf6 3. c4 c6 4. Qc2 g6 5. g3 Bf5 6. Qb3 Bc8 7. Nc3 Bg7 8. Bg2 O-O 9. O-O dxc4 10. Qxc4 Be6 11. Qd3 Nbd7 12. e4 Nb6 13. Rd1 Rc8 14.
h3 Qd7 15. Ne5 Qc7 16. Bf4 Qd8 17. g4 Nfd7 18. Nf3 Bc4 19. Qe3 Ba6 20. Bh6 Qc7 21.
Qg5 Rce8 22. Qh4 e5 23. Ng5 Nf6 24. f4 exd4 25. e5 dxc3 26. Bxg7 Kxg7 27. exf6+ Kxf6 28. bxc3 1-0

[Event "*** Titled Tuesday Blitz"]
[Site "Chess.com"]
[Date "2020.04.14"]
[Round "6"]
[White "Kiborg95"]
[Black "Pavlov_Sergey"]
[Result "0-1"]
[WhiteElo "2779"]
[BlackElo "2622"]
[TimeControl "180+1"]
[EndTime "11:02:31 PDT"]
[Termination "Pavlov_Sergey won by resignation"]

1. e4 Nf6 2. d3 d5 3. Nd2 c5 4.
g3 Nc6 5. Bg2 g6 6. Nh3 Bg7 7.
O-O O-O 8. c3 e5 9. f4 dxe4 10.
dxe4 Re8 11. f5 gxf5 12. exf5 e4 13. Qe2 Qd3 14. Qe1 e3 15. Nb3 c4 16. Nf4 Qd6 17.
Nd4 Nxd4 18. cxd4 Qxd4 19. Ne2 Qd3 20. Nf4 Qxf5 21. Nd5 Qe5 22. Nxf6+ Bxf6 23. Qxe3 Qxe3+ 24. Bxe3 Bxb2 25. Rab1 c3 26. Bf4 Bf5 0-1

[Event "*** Titled Tuesday Blitz"]
[Site "Chess.com"]
[Date "2020.04.14"]
[Round "6"]
[White "Funkmaus"]
[Black "profofchess"]
[Result "0-1"]
[WhiteElo "2190"]
[BlackElo "2402"]
[TimeControl "180+1"]
[EndTime "11:02:34 PDT"]
[Termination "profofchess won by resignation"]

1. d4 Nf6 2. Nf3 c5 3. c3 e6 4. g3 b6 5. Bg2 Bb7 6. O-O Be7 7. a4 a6 8. Na3 cxd4 9. Nxd4 Bxg2 10. Kxg2 Qc7 11.
Qb3 O-O 12. Nc4 Bc5 13. Bf4 d6 14. Bd2 Ne4 15. Qc2 d5 16. Bf4 Qb7 17. Ne5 f6 18. Nd3 e5 19. Ne6 exf4 20. Nxf8 Bxf8 21. Nxf4 Nc6 22.
Rad1 Rd8 23. Rd3 Nc5 24. Re3 d4 25. cxd4 Nxd4+ 26. Qe4 Nxe4 0-1

[Event "*** Titled Tuesday Blitz"]
[Site "Chess.com"]
[Date "2020.04.14"]
[Round "6"]
[White "Jadro9"]
[Black "crescentmoon2411"]
[Result "1-0"]
[WhiteElo "2711"]
[BlackElo "2859"]
[TimeControl "180+1"]
[EndTime "11:02:36 PDT"]
[Termination "Jadro9 won by checkmate"]

1. e4 c5 2. Nf3 d6 3. Bb5+ Nd7 4. c3 a6 5. Ba4 Nf6 6. Qe2 b5 7. Bc2 Bb7 8. d4 e5 9. O-O Be7 10. Rd1 Qc7 11. d5 O-O 12. a4 c4 13. Na3 Qb6 14. Be3 Nc5 15. Nd2 Rfb8 16. b4 cxb3 17. Nxb3 Bc8 18. Nxc5 dxc5 19. Rab1 Bd7 20. Nc4 Qd8 21.
Nxe5 Be8 22. d6 Bxd6 23. Bxc5 Bxc5 24. Rxd8 Rxd8 25. axb5 Bxb5 26. Bd3 Bd6 27. Bxb5 Bxe5 28. Bxa6 Bxc3 29. g3 Rd2 30. Qe3 Ba5 31. Be2 Rad8 32. Bf3 h6 33. e5 R8d3 34. Rb8+ Kh7 35. Be4+ Nxe4 36. Qxe4+ g6 37. e6 fxe6 38. Qxe6 Rd7 39. Qg8# 1-0

[Event "*** Titled Tuesday Blitz"]
[Site "Chess.com"]
[Date "2020.04.14"]
[Round "6"]
[White "AnnaChessLook"]
[Black "HashtagChess"]
[Result "1-0"]
[WhiteElo "2229"]
[BlackElo "1639"]
[TimeControl "180+1"]
[EndTime "11:02:37 PDT"]
[Termination "AnnaChessLook won by resignation"]

1. d4 d5 2. c4 c6 3. Nf3 Nf6 4. Nc3 e6 5. Bg5 dxc4 6. e4 b5 7. e5 h6 8. Bd2 Nd5 9. Be2 Bb7 10. a4 b4 11. Ne4 c5 12. Bxc4 cxd4 13. O-O Bc5 14.
Nxc5 Bc6 15. Nxd4 O-O 16. Nxc6 Nxc6 17. Qe2 Nd4 18. Qg4 Nf5 19. Ne4 Kh8 20. Bxd5 Qxd5 21. Bxb4 Rfd8 22. Nd6 Nxd6 23. Bxd6 Rac8 24. Rac1 1-0

[Event "*** Titled Tuesday Blitz"]
[Site "Chess.com"]
[Date "2020.04.14"]
[Round "6"]
[White "Biranidun"]
[Black "ClockworkKubrick"]
[Result "1-0"]
[WhiteElo "2646"]
[BlackElo "2209"]
[TimeControl "180+1"]
[EndTime "11:02:39 PDT"]
[Termination "Biranidun won by resignation"]

1. e4 d6 2. d4 Nf6 3. Nc3 g6 4. f4 Bg7 5. Nf3 O-O 6. Bd3 Na6 7. O-O c5 8. d5 Bg4 9. Bc4 Nc7 10. h3 Bd7 11. a4 a6 12. e5 Nfe8 13. a5 Rb8 14.
Be3 b5 15. axb6 Rxb6 16. b3 Nb5 17. Ne4 h6 18. e6 fxe6 19. dxe6 Bc6 20. Qd3 Bxa1 21.
Rxa1 d5 22. Nxc5 Ng7 23. Bxb5 Bxb5 24. Qxg6 Rf6 25. Qg4 Qf8 26. Nd4 Be8 27. f5 Kh7 28.
Rf1 a5 29. Qf4 Nh5 30. Qc7 Rd6 31. Rf3 Qg7 32. Kh2 Qg8 33. Qxe7+ 1-0

[Event "*** Titled Tuesday Blitz"]
[Site "Chess.com"]
[Date "2020.04.14"]
[Round "6"]
[White "Duong57"]
[Black "gui_borba"]
[Result "1-0"]
[WhiteElo "2212"]
[BlackElo "2337"]
[TimeControl "180+1"]
[EndTime "11:02:39 PDT"]
[Termination "Duong57 won by resignation"]

1. d4 Nf6 2. c4 e6 3. Nc3 d5 4. cxd5 exd5 5. Bg5 Be6 6. e3 a6 7. Bd3 Nbd7 8. Nf3 c6 9. O-O Bd6 10. Qc2 h6 11. Bh4 O-O 12. Rae1 Qc7 13. e4 dxe4 14.
Nxe4 Nxe4 15. Bxe4 Rfe8 16. Re2 Be7 17. Bg3 Bd6 18.
Rfe1 Bxg3 19. hxg3 Qd6 20. Bf5 Nf8 21. Bd3 Red8 22. b3 Bg4 23. Re7 Bxf3 24. gxf3 Qxd4 25. Bc4 Ne6 26. Bxe6 fxe6 27. Qg6 Qc3 28. Qf7+ Kh8 29.
R1xe6 Qc1+ 30. Kg2 Qg5 31. Rg6 Qxg6 32. Qxg6 Rg8 33.
Rxb7 a5 34. Qxc6 a4 35. bxa4 1-0

[Event "*** Titled Tuesday Blitz"]
[Site "Chess.com"]
[Date "2020.04.14"]
[Round "6"]
[White "FM_Deuteronomio32"]
[Black "grandcoach"]
[Result "1-0"]
[WhiteElo "2234"]
[BlackElo "1848"]
[TimeControl "180+1"]
[EndTime "11:02:39 PDT"]
[Termination "FM_Deuteronomio32 won on time"]

1. e4 c5 2. c3 Nf6 3. e5 Nd5 4. d4 cxd4 5. Nf3 Nc6 6. Bc4 Nb6 7. Bb3 d6 8. exd6 e5 9. Ng5 Be6 10. Bxe6 fxe6 11. Qg4 Qxd6 12. Nxh7 O-O-O 13. Ng5 Be7 14. O-O Bxg5 15. Bxg5 Rdf8 16. h4 Nd5 17. cxd4 exd4 18.
Nd2 Ne5 19. Qxd4 Kb8 20. Ne4 Qc7 21. Rac1 Nc6 22. Qa4 Nf4 23. Nc5 Ne2+ 24. Kh1 Qe5 25. Nd7+ Ka8 26. Nxe5 1-0

[Event "*** Titled Tuesday Blitz"]
[Site "Chess.com"]
[Date "2020.04.14"]
[Round "6"]
[White "english_player_89"]
[Black "lhavas"]
[Result "0-1"]
[WhiteElo "2530"]
[BlackElo "2419"]
[TimeControl "180+1"]
[EndTime "11:02:40 PDT"]
[Termination "lhavas won by resignation"]

1. e4 Nf6 2. e5 Nd5 3. d4 d6 4. Nf3 Bg4 5. Be2 c6 6. h3 Bxf3 7. Bxf3 dxe5 8. dxe5 e6 9. O-O Nd7 10. Re1 Qc7 11. c4 Ne7 12. Nc3 Nxe5 13. Bf4 N7g6 14. Bh2 Bd6 15. c5 Nxf3+ 16. Qxf3 Bxh2+ 17. Kh1 Be5 18. Ne4 O-O 19. g3 Bxb2 20. Rab1 Bd4 21. h4 Ne5 22. Qf4 Qa5 23. Ng5 Qxc5 24. Red1 Rad8 25. Rxb7 Be3 26. Rxd8 Bxf4 27. Rxf8+ Qxf8 28. gxf4 h6 29.
Ne4 Ng6 30. Rxa7 Nxf4 31. a4 Qa3 32. Ng3 Qf3+ 0-1

[Event "*** Titled Tuesday Blitz"]
[Site "Chess.com"]
[Date "2020.04.14"]
[Round "6"]
[White "Artem_Sadovsky"]
[Black "davigator"]
[Result "1-0"]
[WhiteElo "2602"]
[BlackElo "2360"]
[TimeControl "180+1"]
[EndTime "11:02:41 PDT"]
[Termination "Artem_Sadovsky won by resignation"]

1. Nf3 d5 2. g3 Bg4 3. Bg2 Nd7 4. O-O c6 5. b3 Ngf6 6. Bb2 e6 7. d3 Be7 8. Nbd2 O-O 9. e4 a5 10. a3 a4 11. b4 Qb6 12. c4 Bh5 13. c5 Qc7 14. e5 Ne8 15. d4 b6 16. Re1 bxc5 17.
dxc5 Qa7 18. Qc1 Bg6 19. Nd4 Qc7 20. f4 Bd3 21. Qc3 Ba6 22. f5 Nxe5 23. Rxe5 Qxe5 24. Nxc6 Qc7 25. Nxe7+ Qxe7 26. Re1 Qf6 27. Qxf6 Nxf6 28. fxe6 fxe6 29. Rxe6 Bc8 30. Rxf6 gxf6 31. Bxd5+ Be6 32. Bxe6+ Kg7 33. Nf3 Rae8 34. Nd4 Kg6 35. c6 Re7 36. b5 Rb8 37. Bf5+ Kf7 38. Bc3 Re3 39. c7 Rbe8 40. Bb4 R3e5 41. b6 1-0

[Event "*** Titled Tuesday Blitz"]
[Site "Chess.com"]
[Date "2020.04.14"]
[Round "6"]
[White "Oleg_Papayan"]
[Black "manuellarrea"]
[Result "0-1"]
[WhiteElo "2364"]
[BlackElo "2132"]
[TimeControl "180+1"]
[EndTime "11:02:41 PDT"]
[Termination "manuellarrea won by resignation"]

1. e4 c5 2. d4 Nc6 3. c3 cxd4 4. cxd4 d5 5. e5 Bf5 6. Nc3 e6 7. a3 Rc8 8. Nf3 Nge7 9. Be2 Bg4 10. O-O Nf5 11. Be3 Be7 12. h3 Bxf3 13. Bxf3 O-O 14.
g4 Nxe3 15. fxe3 f6 16. exf6 Bxf6 17. Kg2 Ne7 18. Qb3 Ng6 19. Qxb7 Rb8 20. Qa6 Rxb2+ 21. Kh1 Rb6 22. Qxa7 Qd6 23. Rab1 Rxb1 24. Nxb1 Qg3 25. Bg2 Nh4 26. Rg1 Nf3 0-1

[Event "*** Titled Tuesday Blitz"]
[Site "Chess.com"]
[Date "2020.04.14"]
[Round "6"]
[White "ZenBull"]
[Black "ADODOVE"]
[Result "0-1"]
[WhiteElo "2104"]
[BlackElo "1820"]
[TimeControl "180+1"]
[EndTime "11:02:41 PDT"]
[Termination "ADODOVE won on time"]

1. Nf3 Nf6 2. c4 e6 3. g3 d5 4. d4 dxc4 5. Bg2 a6 6. O-O b5 7. b3 cxb3 8. axb3 Bb7 9. Nbd2 c5 10. Bb2 Nbd7 11. e3 cxd4 12. Bxd4 Bc5 13. Bb2 O-O 14. Qe2 Qb6 15. Rfc1 Rac8 16. Bf1 Rfd8 17. h4 Bd6 18.
Ng5 h6 19. Nh3 Rxc1 20. Rxc1 Rc8 21. Rxc8+ Bxc8 22. g4 Bb7 23. g5 Qc6 24. f3 hxg5 25.
hxg5 Ng4 26. Nf2 Nxf2 27. Qxf2 Qd5 28. Ne4 Ne5 29. Bg2 Qd1+ 30. Kh2 Bxe4 31. fxe4 Nd3+ 0-1

[Event "*** Titled Tuesday Blitz"]
[Site "Chess.com"]
[Date "2020.04.14"]
[Round "6"]
[White "LuckIsMySkill"]
[Black "csati17"]
[Result "1-0"]
[WhiteElo "2734"]
[BlackElo "2532"]
[TimeControl "180+1"]
[EndTime "11:02:42 PDT"]
[Termination "LuckIsMySkill won by resignation"]

1. Nf3 Nf6 2. c4 e6 3. g3 d5 4.
Bg2 Be7 5. O-O O-O 6. b3 d4 7.
e3 c5 8. exd4 cxd4 9. Ne5 Qc7 10.
Re1 Nbd7 11. Nxd7 Bxd7 12. d3 e5 13. Ba3 Bxa3 14. Nxa3 Rfe8 15. Nc2 Rad8 16. Qd2 Bc6 17. Bxc6 Qxc6 18. Re2 e4 19. Rae1 Qc5 20. Qb4 Qh5 21.
Qxb7 Qh3 22. Rxe4 Nxe4 23. Rxe4 f5 24. Rh4 Qxh4 25. gxh4 Re2 26. Nxd4 Re1+ 27. Kg2 1-0

[Event "*** Titled Tuesday Blitz"]
[Site "Chess.com"]
[Date "2020.04.14"]
[Round "6"]
[White "GM_RobertoMogranzini"]
[Black "nonscitis"]
[Result "1-0"]
[WhiteElo "2522"]
[BlackElo "2658"]
[TimeControl "180+1"]
[EndTime "11:02:42 PDT"]
[Termination "GM_RobertoMogranzini won on time"]

1. e4 e5 2. Nf3 Nc6 3. Bb5 a6 4.
Ba4 Nf6 5. Qe2 Bc5 6. c3 O-O 7. d3 d6 8. O-O Bd7 9. Bb3 Ne7 10.
d4 exd4 11. cxd4 Ba7 12. Nc3 Bg4 13. Be3 Nc6 14. Rad1 Qe7 15. h3 Bh5 16. g4 Bg6 17. Bg5 Rfe8 18. e5 dxe5 19. Nd5 Qd6 20. dxe5 Nxd5 21.
exd6 Rxe2 22. Rxd5 cxd6 23. Rxd6 Bc5 24. Rd7 b5 25. Bh4 Be4 26. Ng5 1-0

[Event "*** Titled Tuesday Blitz"]
[Site "Chess.com"]
[Date "2020.04.14"]
[Round "6"]
[White "RiskyDecision"]
[Black "kintoho"]
[Result "0-1"]
[WhiteElo "2581"]
[BlackElo "2446"]
[TimeControl "180+1"]
[EndTime "11:02:42 PDT"]
[Termination "kintoho won on time"]

1. d4 g6 2. c4 Bg7 3. g3 c5 4. Nf3 cxd4 5. Nxd4 Nc6 6. Nxc6 bxc6 7. Bg2 Rb8 8. O-O Rxb2 9. Bxb2 Bxb2 10. Nd2 Bxa1 11.
Qxa1 Nf6 12. e4 O-O 13. e5 Ne8 14. Ne4 Qa5 15. h4 Ng7 16. Kh2 Ba6 17. Qd4 Qc7 18.
Nc5 Bc8 19. Rd1 Rd8 20. Bh3 d6 21. Bxc8 Qxc8 22. Ne4 Ne6 23. Qxa7 dxe5 24. Rb1 Qd7 25. Qxd7 Rxd7 26. a4 Rd4 27. f3 Rxc4 28. Ra1 f5 29. Ng5 Nxg5 30. hxg5 Rb4 31. a5 Rb7 32. a6 Ra7 33.
Kg2 Kf7 34. Kf2 Ke6 35. Ke3 Kd5 36. f4 e4 37. Rd1+ Kc5 38. Rd8 Rxa6 39. Rh8 Ra3+ 40. Kf2 Ra2+ 41. Kg1 e3 0-1

[Event "*** Titled Tuesday Blitz"]
[Site "Chess.com"]
[Date "2020.04.14"]
[Round "6"]
[White "ReyesBraulio"]
[Black "j2806"]
[Result "1-0"]
[WhiteElo "2165"]
[BlackElo "1999"]
[TimeControl "180+1"]
[EndTime "11:02:42 PDT"]
[Termination "ReyesBraulio won by checkmate"]

1. d4 Nf6 2. f4 d5 3. Nf3 e6 4. e3 c5 5. c3 Nc6 6. Bd3 Ne4 7. O-O Be7 8. Ne5 Qc7 9. Bxe4 dxe4 10. Nd2 f5 11.
Qh5+ g6 12. Nxg6 hxg6 13. Qxh8+ Bf8 14. Nc4 cxd4 15. exd4 Nxd4 16. Ne5 Ne2+ 17. Kh1 Nxc1 18. Nxg6 Qf7 19. Nxf8 Qxf8 20. Qxf8+ Kxf8 21. Raxc1 Bd7 22. Rcd1 Bb5 23. Rfe1 Bd3 24. Kg1 Kf7 25. Kf2 Kf6 26.
Ke3 Rd8 27. Rd2 e5 28. fxe5+ Kxe5 29. g3 Rd6 30. Red1 Rh6 31. h4 Rg6 32. Rg1 Rg4 33.
Rxd3 exd3 34. Kxd3 Kd5 35. Ke3 f4+ 36. Kf3 Rxg3+ 37. Rxg3 fxg3 38. Kxg3 Ke4 39. h5 Kf5 40. Kh4 Kf6 41. Kg4 Kg7 42. Kg5 Kh7 43. h6 Kg8 44.
Kg6 Kh8 45. b4 b5 46. h7 a6 47. a3 a5 48. bxa5 b4 49. a6 b3 50. a7 b2 51.
a8=R# 1-0

[Event "*** Titled Tuesday Blitz"]
[Site "Chess.com"]
[Date "2020.04.14"]
[Round "6"]
[White "mirciulica14"]
[Black "binbin239"]
[Result "0-1"]
[WhiteElo "2606"]
[BlackElo "2474"]
[TimeControl "180+1"]
[EndTime "11:02:43 PDT"]
[Termination "binbin239 won on time"]

1. d4 Nf6 2. c4 g6 3. g3 Bg7 4. Bg2 d5 5. cxd5 Nxd5 6. e4 Nb6 7. Ne2 c5 8. d5 O-O 9. O-O e6 10. Nbc3 exd5 11. exd5 Na6 12. Bf4 Bf5 13. d6 Nb4 14.
Bxb7 Rb8 15. Be4 Bxe4 16. Nxe4 N4d5 17. Nxc5 Bxb2 18. Rb1 Bg7 19. d7 Nxf4 20. Nxf4 Qe7 21. Rb5 Nxd7 22. Re1 Ne5 23. Rxb8 Rxb8 24. Ncd3 Qd6 25. Nxe5 Bxe5 26. Qxd6 Bxd6 27. Nd5 Rb2 28. Re8+ Kg7 29. Nc3 Rc2 30. Ne4 Bc7 31. Re7 Bb6 32.
a4 Kf8 33. Rb7 Re2 34. a5 Bd4 0-1

[Event "*** Titled Tuesday Blitz"]
[Site "Chess.com"]
[Date "2020.04.14"]
[Round "6"]
[White "ApacheSVD"]
[Black "2008king"]
[Result "1-0"]
[WhiteElo "2373"]
[BlackElo "2025"]
[TimeControl "180+1"]
[EndTime "11:02:43 PDT"]
[Termination "ApacheSVD won by checkmate"]

1. e4 e5 2. Nf3 Nc6 3. Bc4 Bc5 4. c3 Nf6 5. d3 d6 6. a4 a5 7. Bb3 h6 8. Nbd2 Ba7 9. h3 O-O 10. g4 d5 11. Qe2 dxe4 12. dxe4 Be6 13. Bxe6 fxe6 14.
O-O Qe7 15. Nc4 Nd7 16. Kg2 Rf7 17. Be3 Bxe3 18. fxe3 Raf8 19. Nfd2 Nc5 20. Rxf7 Rxf7 21. b3 Rf8 22. Rf1 Rxf1 23. Qxf1 Qf7 24. Qxf7+ Kxf7 25.
Kf3 Kf6 26. Na3 Ne7 27. Nb5 c6 28. Nd6 b6 29. N6c4 Nc8 30. h4 g5 31. h5 Nb7 32.
Ke2 Nbd6 33. Kd3 Nxc4 34. Nxc4 b5 35. axb5 cxb5 36. Nxa5 Ke7 37. c4 Kd6 38. b4 bxc4+ 39. Nxc4+ Kc6 40. Nxe5+ Kb5 41. Nf7 Ne7 42. Nxh6 Nc6 43.
Nf7 Ne7 44. h6 Ng6 45. h7 Kxb4 46. h8=Q Nxh8 47. Nxh8 e5 48. Nf7 Kc5 49. Nxg5 Kd6 50. Nf7+ Ke6 51. Ng5+ Kf6 52. Nf3 Ke6 53. Kc4 Kf6 54. Kd5 Kg6 55. Kxe5 Kg7 56. Kf5 Kf7 57. e5 Kg7 58. g5 Kf7 59. e4 Kg7 60. e6 Kf8 61. Kf6 Ke8 62. e5 Kf8 63. Nd4 Ke8 64. Nf5 Kf8 65. g6 Ke8 66. g7 Kd8 67. g8=Q+ Kc7 68. Qf7+ Kb6 69. Qd7 Kc5 70. Qd6+ Kc4 71. e7 Kc3 72. e8=Q Kc2 73. Qc8+ Kb1 74. Qdb8+ Ka2 75.
Qa6# 1-0

[Event "*** Titled Tuesday Blitz"]
[Site "Chess.com"]
[Date "2020.04.14"]
[Round "6"]
[White "ljuks68"]
[Black "regular_legs"]
[Result "1-0"]
[WhiteElo "2358"]
[BlackElo "2510"]
[TimeControl "180+1"]
[EndTime "11:02:46 PDT"]
[Termination "ljuks68 won by resignation"]

1. e4 c6 2. d4 d5 3. e5 Bf5 4.
Nd2 e6 5. Nb3 Nd7 6. Nf3 Qc7 7.
Be2 f6 8. Bf4 O-O-O 9. Bg3 fxe5 10. Nxe5 Nxe5 11. Bxe5 Bd6 12. f4 Nf6 13. O-O Ne4 14.
Bf3 b6 15. a4 c5 16. a5 c4 17.
Nd2 Nxd2 18. Qxd2 Bxe5 19. fxe5 Kb7 20. Qb4 Bxc2 21. Bg4 Rhe8 22. axb6 axb6 23. Qb5 Ra8 24. Rxa8 Rxa8 25. Bxe6 Ra5 26. Bxd5+ Ka7 27. Qxc4 Qxc4 28. Bxc4 Ra4 29. Rf7+ Kb8 30. b3 Rb4 31. e6 Bg6 32. e7 1-0

[Event "*** Titled Tuesday Blitz"]
[Site "Chess.com"]
[Date "2020.04.14"]
[Round "6"]
[White "AtabayevSaparmyrat"]
[Black "Tonychess32"]
[Result "0-1"]
[WhiteElo "2758"]
[BlackElo "2578"]
[TimeControl "180+1"]
[EndTime "11:02:47 PDT"]
[Termination "Tonychess32 won by resignation"]

1. e4 c5 2. Nf3 d6 3. d4 cxd4 4. Nxd4 Nf6 5. Nc3 a6 6. Bg5 e6 7.
f4 h6 8. Bh4 Qb6 9. a3 Be7 10.
Bf2 Qc7 11. Qf3 Nbd7 12. O-O-O b5 13. Bd3 Qb7 14. Rhe1 Nc5 15. Kb1 Nxd3 16. cxd3 b4 17. axb4 O-O 18. g4 Bd7 19. g5 hxg5 20. fxg5 Ne8 21.
h4 Qxb4 22. Re2 Nc7 23. Nc2 Qb7 24. Ne3 Rab8 25. Ng4 Qb3 26. Rc1 f6 27. gxf6 Bxf6 28. Nxf6+ Rxf6 29. Qg3 e5 30. Nd5 Nxd5 31. exd5 Bb5 32.
Rd2 Qxd5 33. Rg1 Rb7 34. h5 Rf3 35. Qg4 Bxd3+ 36. Ka1 Qa5+ 0-1